 Dungeon Crawl Stone Soup version 0.30.1-9-gdf580d7c3d (webtiles) character file.

Game seed: 18235367880150822039

115 Psyclone the Conjurer (level 4, -8/24 HPs)
             Began as a Deep Elf Conjurer on Sept 25, 2023.
             Mangled by an iguana (11 damage)
             ... on level 2 of the Dungeon.
             The game lasted 00:04:09 (1670 turns).

Psyclone the Conjurer (Deep Elf Conjurer)           Turns: 1670, Time: 00:04:10

Health: -8/24      AC:  5    Str:  4    XL:     4   Next: 68%
Magic:  2/13       EV: 12    Int: 25    God:
Gold:   100        SH:  0    Dex: 13    Spells: 10/13 levels left

rFire   . . .        a - +0 dagger
rCold   . . .        (no shield)
rNeg    . . .        i - +0 robe
rPois   .            k - +0 helmet
rElec   .            (no cloak)
rCorr   .            (no gloves)
SInv    .            j - +1 pair of boots
Will    .....        (no amulet)
Stlth   ++           (no ring)
HPRegen 0.24/turn    (no ring)
MPRegen 0.13/turn

%: no passive effects
@: no status effects
A: no striking features
a: no special abilities


You were on level 2 of the Dungeon.
You visited 1 branch of the dungeon, and saw 2 of its levels.

You collected 100 gold pieces.

Inventory:

Hand Weapons
 a - a +0 dagger (weapon)
Armour
 i - a +0 robe (worn)
 j - a +1 pair of boots (worn)
 k - a +0 helmet (worn)
Scrolls
 c - a scroll of enchant weapon {unknown}
 d - 6 scrolls of identify {unknown}
 e - 2 scrolls of poison {unknown}
 h - a scroll of vulnerability {unknown}
 l - a scroll of blinking {unknown}
Potions
 b - 3 potions of magic
 f - a potion of curing {unknown}
 g - a potion of degeneration {unknown}


   Skills:
 - Level 2.4 Dodging
 - Level 2.4 Stealth
 + Level 5.2 Spellcasting
 + Level 5.6 Conjurations


You had 10 spell levels left.
You knew the following spells:

 Your Spells              Type           Power      Damage    Failure   Level
a - Magic Dart            Conj           100%       1d8       1%          1
b - Searing Ray           Conj           68%        2d6       1%          2

Your spell library contained the following spells:

 Spells                   Type           Power      Damage    Failure   Level
 Dazzling Flash           Conj/Hex       40%        N/A       8%          3
 Hailstorm                Conj/Ice       20%        3d6       8%          3
 Fulminant Prism          Conj/Hex       10%        3d8       26%         4
 Iskenderun's Mystic Bla  Conj/Tloc      20%        2d6       26%         4
 Ice Form                 Ice/Tmut       6%         N/A       63%         4
 Simulacrum               Ice/Necr       3%         N/A       100%        6


Dungeon Overview and Level Annotations

Branches:
Dungeon (2/15) Zot: 10329

Altars:


Message History

You feel sick.
You take 3 damage, and have 19/24 hp.
You feel sick.
You take 1 damage, and have 18/24 hp.
The gnoll attacks as you move away! The gnoll hits you with a +0 whip!
You feel sick.
You are no longer poisoned.
You take 7 damage, and have 11/24 hp.
MASSIVE DAMAGE!!
The gnoll shouts!
An iguana comes into view.
The gnoll attacks as you move away! The gnoll closely misses you.
The gnoll attacks as you move away! The gnoll misses you.
The iguana hisses angrily.
The gnoll attacks as you move away! The gnoll hits you with a +0 whip!
* * * LOW HITPOINT WARNING * * *
The gnoll hits you from afar with a +0 spear.
* * * LOW HITPOINT WARNING * * *
You take 8 damage, and have 4/24 hp.
MASSIVE DAMAGE!!
The gnoll misses you. The gnoll attacks as you move away!
The gnoll barely misses you.
Casting: Searing Ray (safe; 1% risk of failure)
Confirm with . or Enter, or press ? or * to list all spells.
Aiming: Searing Ray (safe; 1% risk of failure)
Press: ? - help, Shift-Dir - straight line, f - iguana
Aim: an iguana (83% to hit)
The searing ray misses the iguana.
The searing ray hits the gnoll.
The gnoll is moderately wounded.
The searing ray hits the gnoll.
The gnoll is heavily wounded. (Press . to maintain the ray.)
The iguana bites you but does no damage.
You now have 2/13 mp.
The searing ray hits the iguana.
The iguana is moderately wounded.
The searing ray hits the gnoll!
You kill the gnoll!
The gnoll hits you from afar with a +0 spear.
* * * LOW HITPOINT WARNING * * *
The iguana bites you!
You die...

##### #######>#######.##...###.#
....# #.##.........#.###.# .##.#
#............#.....# .##)#
####..###...##.(.... ###)#
#..<..####..###...#. #...#
#.#......#....###... #.###
#.##......#.#.# #...
#.############.##.....##.#.####.#
...†..........)l@........#.......
..#####.......g###...###.######.#
......'..........................
.######................#...##)..#
.# #................###.###### .#
#)...............# #...# #
.######)...............# ###.####
.......................# #...##
.......................# ###..#


You could see an iguana and a gnoll.

Vanquished Creatures
  6 gnolls (D:2)
  2 adders (D:2)
  2 worms (D:2)
  A dart slug (D:1)
  2 ball pythons
  An endoplasm (D:1)
  3 giant cockroaches
  4 goblins
  A hobgoblin (D:1)
  2 jackals (D:1)
  A quokka (D:2)
  6 bats
  3 frilled lizards
  4 kobolds
  8 rats
46 creatures vanquished.

Notes
Turn   | Place    | Note
-------+----------+-------------------------------------------
     0 | D:1      | Psyclone the Deep Elf Conjurer began the quest for the Orb.
     0 | D:1      | Reached XP level 1. HP: 10/10 MP: 6/6
   323 | D:1      | Reached XP level 2. HP: 15/15 MP: 5/8
   917 | D:2      | Learned a level 2 spell: Searing Ray
   979 | D:2      | Reached skill level 5 in Conjurations
   979 | D:2      | Reached XP level 3. HP: 16/19 MP: 6/10
  1471 | D:2      | Reached XP level 4. HP: 14/24 MP: 5/12
  1604 | D:2      | Reached skill level 5 in Spellcasting
  1670 | D:2      | Mangled by an iguana

Illustrated notes

Levels and vault maps discovered:
D:1:      erik_arrival_blinker_ship, layout_rooms, minmay_misc_feat_enclosed,
          hangedman_glass_teeth
D:2:      layout_basic, wad_floor_pattern_2

Skill      XL: |  1  2  3  4 |
---------------+-------------+-----
Spellcasting   | 4 5 |  5.2
Conjurations   | 5 |  5.6
Dodging        | |  2.4
Stealth        | |  2.4

Action                     |  1- 3 |  4- 6 || total
---------------------------+-------+-------++-------
  Melee: Unarmed           |    13 |       ||    13
         Punch             |     1 |       ||     1
   Cast: Magic Dart        |    72 |     6 ||    78
         Searing Ray       |     3 |     5 ||     8
 Armour: Robe              |    19 |     7 ||    26
  Dodge: Dodged            |    44 |    14 ||    58
